 Dungeon Crawl Stone Soup version 0.29-a0-472-ge5599a681e (webtiles) character file.

Game seed: 7144094026177328084

2013 spaghetti the Cleaver (level 9, 0/69 HPs)
             Began as a Djinni Artificer on May 22, 2022.
             Was an Initiate of Elyvilon.
             Slain by an ice beast (8 damage)
             ... on level 6 of the Dungeon on May 23, 2022.
             The game lasted 00:16:42 (7182 turns).

spaghetti the Cleaver (Djinni Artificer)            Turns: 7182, Time: 00:16:42

Health: 0/69       AC:  5    Str: 15    XL:     9   Next: 46%
Gold:   104        EV: 13    Int: 12    God:    Elyvilon [......] SH:  4 Dex: 19

rFire   + + .      SeeInvis .   I - +10 hand axe "Gavenn" {speed, rC+, axe}
rCold   . . .      Faith    .   B - +0 buckler
rNeg    . . .      Spirit   .   b - +0 leather armour
rPois   ∞          Reflect  .   l - +1 helmet
rElec   .          Harm     .   (no cloak)
rCorr   .          Rampage  .   (no gloves)
Will    .....                   (boots unavailable)
Stlth   ++........              (no amulet)
HPRegen 0.21/turn               u - +6 ring of dexterity
MPRegen 0.00/turn               (no ring)

@: mighty, flying, slowed, very slow
A: sickness immunity, fire resistance 2, cold vulnerability 1, float, innate
caster, HP casting, extra vitality 1, dopey 1, robust 1
a: Renounce Religion


You were on level 6 of the Dungeon.
You worshipped Elyvilon.
Elyvilon was noncommittal.
You visited 2 branches of the dungeon, and saw 7 of its levels.

You collected 304 gold pieces.
You spent 200 gold pieces at shops.


Innate Abilities, Weirdness & Mutations

You are immune to sickness and miasma.
You are immune to poison.
Your flesh is very heat resistant. (rF++)
You are vulnerable to cold. (rC-)
You float through the air rather than walking.
You learn spells naturally, not from books.
Your magical power is your life essence.
You have superior vitality. (+4 MHP)
You are dopey. (Int -2)
You are robust. (+10% HP)


   Skills:
 - Level 4.7 Fighting
 + Level 8.1 Axes
 - Level 1.0 Armour
 - Level 3.4 Dodging
 - Level 0.7 Stealth
 - Level 3.7 Unarmed Combat
 - Level 3.0 Evocations


You couldn't memorise any spells.
You knew the following spells:

 Your Spells              Type           Power      Damage    Failure   Level
a - Summon Small Mammal   Summ           0%         N/A       50%         1
b - Wereblood             Tmut           0%         N/A       63%         2
c - Conjure Flame         Conj/Fire      0%         6-21      86%         3
d - Airstrike             Air            0%         N/A       99%         4
Your spell library was empty.

Inventory:

Hand Weapons
 A - a +0 dagger {short}
   (You took it off a goblin on level 2 of the Dungeon)
 C - a +0 shortbow {bow}
   (You found it on level 3 of the Dungeon)
 E - a +0 dagger {short}
   (You took it off a goblin on level 3 of the Dungeon)
 I - the +10 hand axe "Gavenn" (weapon) {speed, rC+, axe}
   (You found it on level 4 of the Dungeon)

   Attacks with this weapon are significantly faster.
   rC:        It protects you from cold.
Missiles
 f - 78 stones (quivered) {throwing}
 n - 4 poisoned darts {throwing}
Armour
 b - a +0 leather armour (worn)
 l - a +1 helmet (worn)
   (You found it on level 3 of the Dungeon)
 B - a +0 buckler (worn)
   (You found it on level 2 of the Dungeon)
Magical Staves
 o - a staff of fire {!astaff}
   (You found it on level 5 of the Dungeon)
Jewellery
 r - a ring of protection from cold
   (You found it on level 4 of the Dungeon)
 u - a +6 ring of dexterity (left hand)
   (You found it on level 2 of the Dungeon)
Wands
 c - a wand of flame (13)
 d - a wand of charming (15)
 e - a wand of iceblast (9)
Scrolls
 h - a scroll of magic mapping {!r}
 s - 3 scrolls of fear
 D - 3 scrolls of teleportation {@r4}
Potions
 g - a potion of resistance
 i - 2 potions of curing {@q1}
 j - 2 potions of attraction {!q}
 k - 2 potions of heal wounds {@q2}
 m - a potion of haste {unknown}
 p - a potion of brilliance {unknown}
 q - a potion of degeneration {unknown}
 t - a potion of invisibility

Dungeon Overview and Level Annotations

Branches:
Dungeon (6/15)             Temple (1/1) D:6

Altars:
Ashenzari
Cheibriados
Dithmenos
Elyvilon
Fedhas
Gozag
Hepliaklqana
Kikubaaqudgha
Makhleb
Nemelex Xobeh
Okawaru
Ru
Trog
Uskayaw
Wu Jian
Xom
Yredelemnul
Zin
The Shining One

Shops:
D:3 (!   D:6 !

Annotations:
D:3 2 transporters, Tonberto's ghost, amateur DgCj
D:4 1 runed translucent door, Crazy Yiuf

.# #.## #.^..#.## ## #..#
##...##.# ####..###
#...##.##### .##.....####
#...#.##≈≈.# ....#......##
#...##.≈≈.# ..##........###
##.....≈≈###
.##...........####..(...###
##..............##(...###
##............#.@Y....#
#.........)....###...#####.
..........)....# ##........
..........)....# #.........
...............# #.........
...............# #.........
...............# ..........
...............##..########
...............##.##


You could see an ice beast.


Message History

You are too injured to fight recklessly!
You are too injured to fight recklessly!
You are too injured to fight recklessly!
You are too injured to fight recklessly!
You hit the vampire mosquito. The vampire mosquito barely misses you.
You barely miss the vampire mosquito.
The vampire mosquito closely misses you.
The vampire mosquito misses you.
You hit the vampire mosquito.
The vampire mosquito closely misses you.
You slash the vampire mosquito!
The vampire mosquito bites you. 😕 HP[-3]
You take 3 damage, and now have 61/69 hp.
You slash the vampire mosquito!
You destroy the vampire mosquito!
Your Axes skill increases to level 7!
You hit the vampire mosquito.
The vampire mosquito closely misses you.
You block the vampire mosquito's attack.
You closely miss the vampire mosquito. The vampire mosquito barely misses you.
You slash the vampire mosquito!
The vampire mosquito closely misses you.
You closely miss the vampire mosquito.
You block the vampire mosquito's attack.
The vampire mosquito misses you.
You slash the vampire mosquito!
You destroy the vampire mosquito!
The vampire mosquito completely misses you.
You hit the vampire mosquito. The vampire mosquito bites you.
An ice beast comes into view. 😕 HP[-4]
You take 4 damage, and now have 57/69 hp.
You slash the vampire mosquito!
You block the vampire mosquito's attack.
You slash the vampire mosquito! The vampire mosquito barely misses you.
The vampire mosquito bites you. 😕 HP[-2]
You take 2 damage, and now have 55/69 hp.
You slash the vampire mosquito!
You destroy the vampire mosquito!
The vampire mosquito bites you! 😮 HP[-10]
You take 10 damage, and now have 45/69 hp.
You barely miss the vampire mosquito.
The vampire mosquito bites you but does no damage.
You miss the vampire mosquito. The vampire mosquito misses you.
You closely miss the vampire mosquito.
The vampire mosquito closely misses you.
The vampire mosquito bites you. 😮 HP[-5]
You take 5 damage, and now have 40/69 hp.
You barely miss the vampire mosquito.
The vampire mosquito barely misses you. 😮 HP[+1]
You miss the vampire mosquito.
The vampire mosquito bites you. 😮 HP[-5]
You take 5 damage, and now have 36/69 hp.
You hit the vampire mosquito. The vampire mosquito bites you!
* * * LOW HITPOINT WARNING * * *
The vampire mosquito bites you!
* * * LOW HITPOINT WARNING * * *
😨 HP[-16]
You take 16 damage, and now have 20/69 hp.
MASSIVE DAMAGE!! (PAUSE) Unknown command.
You slash the vampire mosquito!
The vampire mosquito closely misses you.
You hit the vampire mosquito.
The vampire mosquito closely misses you.
You closely miss the vampire mosquito.
You block the vampire mosquito's attack.
The vampire mosquito bites you.
* * * LOW HITPOINT WARNING * * *
😨 HP[-2]
You take 2 damage, and now have 18/69 hp.
Unknown command.
Unknown command.
You hit the vampire mosquito.
The vampire mosquito bites you but does no damage.
You feel the world leave you behind!
You feel yourself slow down.
Unknown command.
You slash the vampire mosquito!
You destroy the vampire mosquito!
Your Axes skill increases to level 8! 😨 HP[+1]
You hit the ice beast.
The ice beast hits you but does no damage.
You hit the ice beast but do no damage. The ice beast hits you.
* * * LOW HITPOINT WARNING * * *
The ice beast freezes you!
* * * LOW HITPOINT WARNING * * *
😱 HP[-11]
You take 11 damage, and now have 8/69 hp.
Okay, then.
You feel very mighty all of a sudden.
The ice beast hits you but does no damage.
You completely miss the ice beast. The ice beast hits you.
* * * LOW HITPOINT WARNING * * *
The ice beast freezes you!
You die...

Skill      XL: |  1  2  3  4  5  6  7  8  9 |
---------------+----------------------------+-----
Unarmed Combat | 1 2 3 |  3.7
Fighting       | 2 3 4 |  4.7
Dodging        | 3 |  3.4
Axes           | 3 6 8 |  8.1
Armour         | |  1.0
Stealth        | |  0.7
Evocations     | |  3.0

Action                   |  1- 3 |  4- 6 |  7- 9 || total
-------------------------+-------+-------+-------++-------
Melee: Club              |    16 |       |       ||    16
       Unarmed           |   111 |    84 |    25 ||   220
       Punch             |     1 |       |       ||     1
       Hand axe          |       |       |   162 ||   162
Throw: Stone             |    60 |    27 |   117 ||   204
Evoke: Wand              |     2 |       |       ||     2
  Use: Scroll            |     5 |     1 |     7 ||    13
       Potion            |     2 |     6 |     1 ||     9
Armor: Leather armour    |    42 |    20 |    42 ||   104
       Skin              |       |    22 |       ||    22
Dodge: Dodged            |   103 |    51 |    89 ||   243
Block: Buckler           |     3 |    17 |    26 ||    46

Levels and vault maps discovered:
D:1:      spicycebolla_arrival_xxxplode, layout_basic,
          dreamdust_ecumenical_altar_statues, kennysheep_nondescript
D:2:      layout_loops_corners, minmay_indecisive_spiral
D:3:      layout_basic, mainiacjoe_overflow_alcove_2,
          gammafunk_ghost_stat_death, serial_shops, shop_statue, shop,
          st_stairs_2
D:4:      layout_layer_cave, zin_statuary, kennysheep_flooded_box,
          kennysheep_diamond, corexii_leaking_fountain, uniq_crazy_yiuf_cottage
D:5:      layout_gridville, serial_bayou, serial_bayou_ford_a,
          serial_bayou_shore_b, serial_bayou_pond_b, serial_bayou_shore_b,
          minmay_misc_feat_x
D:6:      layout_cave_pods, mainiacjoe_overflow_alcove_4,
          nicolae_sif_muna_condensation, minmay_temple_entry_stoned_glass,
          serial_shops, nicolae_shop_statue_plus, nicolae_specific_store,
          minmay_misc_feat_cross, chequers_serial_rivers_small_b
Temple:   eino_temple_rhombus

Notes
Turn   | Place    | Note
-------+----------+-------------------------------------------
     0 | D:1      | spaghetti the Djinni Artificer began the quest for the Orb.
     0 | D:1      | Reached XP level 1. HP: 17/17 MP: 0/0
     0 | D:1      | magus.rc [v1.9.6]
   345 | D:1      | Found a faded altar of an unknown god.
   361 | D:1      | Reached XP level 2. HP: 22/22 MP: 0/0
   426 | D:1      | Reached skill level 1 in Unarmed Combat
  1182 | D:2      | Reached skill level 2 in Fighting
  1182 | D:2      | Reached XP level 3. HP: 12/28 MP: 0/0
  1182 | D:2      | Learned a level 1 spell: Summon Small Mammal
  1911 | D:2      | Gained mutation: You expend health (3 HP) to strengthen
                  | your wands. [potion of mutation]
  1911 | D:2      | Gained mutation: Your flesh is almost immune to the effects
                  | of heat. (rF+++) [potion of mutation]
  1946 | D:2      | magus.rc [v1.9.6]
  2497 | D:3      | Found a transporter.
  2501 | D:3      | Noticed Tonberto's ghost (amateur DgCj)
  2515 | D:3      | Found a transporter.
  2665 | D:3      | Found Meigydoim's Distillery.
  2673 | D:3      | Bought a potion of mutation for 96 gold pieces
  2673 | D:3      | Lost mutation: Your flesh is almost immune to the effects
                  | of heat. (rF+++) [potion of mutation]
  2673 | D:3      | Lost mutation: You expend health (3 HP) to strengthen your
                  | wands. [potion of mutation]
  2673 | D:3      | Gained mutation: You are dopey. (Int -2) [potion of
                  | mutation]
  2673 | D:3      | Gained mutation: You are robust. (+10% HP) [potion of
                  | mutation]
  2699 | D:3      | Noticed a sky beast
  2704 | D:3      | Reached skill level 2 in Unarmed Combat
  2704 | D:3      | Reached XP level 4. HP: 13/37 MP: 0/0
  2706 | D:3      | HP: 8/37 [orc priest/+0 flail (3)]
  2712 | D:3      | HP: 12/82 [orc priest/divine providence (13)]
  2714 | D:3      | Reached skill level 3 in Fighting
  2717 | D:3      | Reached skill level 3 in Unarmed Combat
  2717 | D:3      | Reached XP level 5. HP: 13/44 MP: 0/0
  2717 | D:3      | Learned a level 2 spell: Wereblood
  2717 | D:3      | HP: 11/99 [frozen (3)]
  2720 | D:3      | Killed a sky beast
  2721 | D:3      | Reached skill level 4 in Fighting
  2721 | D:3      | Reached XP level 6. HP: 9/51 MP: 0/0
  3062 | D:3      | Found Leobb's Antique Weapon Shop.
  3160 | D:3      | Found a blossoming altar of Fedhas.
  3569 | D:4      | Reached skill level 3 in Dodging
  3868 | D:4      | Reached XP level 7. HP: 55/58 MP: 0/0
  3868 | D:4      | Learned a level 3 spell: Conjure Flame
  3898 | D:4      | Identified the +10 hand axe "Gavenn" {speed, rC+}
  4150 | D:4      | Found a runed translucent door.
  4151 | D:4      | Noticed Crazy Yiuf
  4228 | D:4      | Found a glowing silver altar of Zin.
  4299 | D:4      | Found a broken altar of Ashenzari.
  4304 | D:4      | Reached skill level 1 in Axes
  4649 | D:5      | Entered Level 5 of the Dungeon
  4850 | D:5      | Reached skill level 2 in Axes
  4957 | D:5      | Reached skill level 3 in Axes
  4957 | D:5      | Reached XP level 8. HP: 59/63 MP: 0/0
  5021 | D:5      | Reached skill level 4 in Axes
  5429 | D:5      | Reached skill level 5 in Axes
  5819 | D:6      | HP: 15/63 [gnoll sergeant/+3 spear (11)]
  5827 | D:6      | Reached skill level 6 in Axes
  6106 | D:6      | Found Xureugin's Distillery.
  6115 | D:6      | Bought a potion of invisibility for 104 gold pieces
  6139 | D:6      | Found a hazy altar of Hepliaklqana.
  6308 | D:6      | Found a staircase to the Ecumenical Temple.
  6334 | Temple   | Entered the Ecumenical Temple
  6578 | Temple   | Became a worshipper of Cheibriados the Contemplative
  6600 | Temple   | Fell from the grace of Cheibriados
  6600 | Temple   | Became a worshipper of Elyvilon the Healer
  6656 | D:6      | HP: 14/63 [gnoll sergeant/+3 spear of distortion (10)]
  6660 | D:6      | Reached XP level 9. HP: 16/69 MP: 0/0
  6660 | D:6      | Learned a level 4 spell: Airstrike
  7159 | D:6      | Reached skill level 7 in Axes
  7179 | D:6      | Reached skill level 8 in Axes
  7180 | D:6      | HP: 16/69 [ice beast (3)]
  7182 | D:6      | Slain by an ice beast

Vanquished Creatures
  4 vampire mosquitoes (D:6)
  2 black bears (D:5)
  A sky beast (D:3)
  An ogre (D:5)
  A phantom (D:6)
  2 gnoll sergeants (D:6)
  2 scorpions
  2 necrophages (D:5)
  2 howler monkeys
  5 hounds
  2 orc priests (D:3)
  4 iguanas
  3 orc wizards (D:5)
  13 gnolls
  8 adders
  An ufetubus (D:5)
  A worm (D:3)
  A dart slug (D:2)
  9 orcs
  8 ball pythons
  2 bats
  5 endoplasms
  5 giant cockroaches
  11 goblins
  3 jackals (D:5)
  3 kobolds
  2 quokkas
  3 frilled lizards
  A rat (D:3)
107 creatures vanquished.

Vanquished Creatures (others)
  9 plants (D:5)
9 creatures vanquished.

Grand Total: 116 creatures vanquished

Table legend:
 A = Non-vault XP
 B = Vault XP
 C = Vault XP percentage of total XP
 D = Non-vault monster count
 E = Vault monster count
 F = Vault count percentage of total count
                 A         B        C        D         E       F
            +---------+---------+-------+---------+---------+-------
      Total |    2507 |     370 |  12.9 |      93 |      14 |  13.1
            +---------+---------+-------+---------+---------+-------
        D:1 |      20 |       0 |   0.0 |      11 |       0 |   0.0
        D:2 |      21 |       7 |  25.0 |      11 |       4 |  26.7
        D:3 |     231 |      48 |  17.2 |      16 |       3 |  15.8
        D:4 |     301 |      14 |   4.4 |      13 |       1 |   7.1
        D:5 |     628 |     301 |  32.4 |      19 |       6 |  24.0
        D:6 |    1292 |       0 |   0.0 |      22 |       0 |   0.0
     Temple |      14 |       0 |   0.0 |       1 |       0 |   0.0
            +---------+---------+-------+---------+---------+-------

Illustrated notes

Table legend:
 A = Kills in this place as a percentage of kills in entire the game.
 B = Kills by you in this place as a percentage of kills by you in the entire game.
 C = Kills by friends in this place as a percentage of kills by friends in the entire game.
 D = Other kills in this place as a percentage of other kills in the entire game.
 E = Experience gained in this place as a percentage of experience gained in the entire game.
 F = Experience gained in this place divided by the number of levels of this place that you have seen.
                   A       B       C       D       E      F
               +-------+-------+-------+-------+-------+----------------------
         Total | 100.0 | 100.0 |   N/A |   N/A | 100.0 | 411.0
       Dungeon |  99.1 |  99.1 |   N/A |   N/A |  99.5 | 477.2
        Temple |   0.9 |   0.9 |   N/A |   N/A |   0.5 |  14.0
               +-------+-------+-------+-------+-------+----------------------

Table legend: (Time is in decaauts)
 A = Elapsed time spent in this place.
 B = Non-inter-level travel time spent in this place.
 C = Inter-level travel time spent in this place.
 D = Time resting spent in this place.
 E = Time spent auto-exploring this place.
 F = Levels seen in this place.
 G = Mean time per level.
                   A        B        C        D        E       F      G
               +--------+--------+--------+--------+--------+-----+--------+
         Total |   7223 |   6948 |    275 |    947 |   4995 |   7 | 1031.9 |
       Dungeon |   6906 |   6660 |    246 |    947 |   4727 |   6 | 1151.0 |
        Temple |    317 |    289 |     28 |      0 |    268 |   1 |  317.0 |
               +--------+--------+--------+--------+--------+-----+--------+

Top non-repeatable levels by time:
     D:2: 1322 daAuts
     D:4: 1259 daAuts
     D:1: 1147 daAuts
     D:5: 1130 daAuts
     D:6: 1101 daAuts
     D:3: 945 daAuts
  Temple: 317 daAuts
